 Dungeon Crawl Stone Soup version 0.23.0-3-gf3c87f2 (webtiles) character file.

Game seed: 9187310508662925675

2245 Hasart the Slasher (level 8, -3/68 HPs)
             Began as a Demigod Fighter on Feb 24, 2019.
             Splashed by an oklob sapling's acid (15 damage)
             ... on level 6 of the Dungeon.
             The game lasted 00:12:37 (5945 turns).

Hasart the Slasher (Demigod Fighter)                Turns: 5945, Time: 00:12:39

Health: -3/68      AC:  4    Str: 23    XL:     8   Next: 92%
Magic:  10/10      EV: 15    Int: 12    God:
Gold:   275        SH: 10    Dex: 15    Spells: 7/7 levels left

rFire    . . .     SeeInvis .   a - +0 long sword
rCold    . . .     Gourm    .   c - +0 shield
rNeg     . . .     Faith    .   b - +0 scale mail
rPois    .         Spirit   .   (no helmet)
rElec    .         Reflect  .   u - +0 cloak
rCorr    .         Harm     .   (no gloves)
MR       .....     Rnd*Tele +   (no boots)
Stlth    ..........             (no amulet)
HPRegen  0.21/turn              d - ring of teleportation (curse)
MPRegen  0.12/turn              e - +5 ring of evasion

@: corroded
A: high mp 1
a: no special abilities


You were on level 6 of the Dungeon.
You were very hungry.

You visited 1 branch of the dungeon, and saw 6 of its levels.
You also visited: Sewer.

You collected 275 gold pieces.

Inventory:

Hand Weapons
 a - a +0 long sword (weapon)
Missiles
 o - 2 throwing nets (quivered)
 v - 3 javelins
Armour
 b - a +0 scale mail (worn)
 c - a +0 shield (worn)
 u - a +0 cloak (worn)
Jewellery
 d - a cursed ring of teleportation (left hand)
 e - a +5 ring of evasion (right hand)
 g - a +2 ring of intelligence
 i - an uncursed ring of protection from magic
 n - a +5 ring of intelligence
Scrolls
 h - 4 scrolls of teleportation
 j - 5 scrolls of identify
 p - 2 scrolls of magic mapping {unknown}
 q - 2 scrolls of fear {unknown}
 s - a scroll of immolation {unknown}
 y - a scroll of noise {unknown}
 z - a scroll of summoning {unknown}
 A - a scroll of fog {unknown}
Potions
 k - a potion of flight
 l - 6 potions of curing
 m - a potion of agility {unknown}
 t - a potion of lignification {unknown}
 x - a potion of degeneration {unknown}
 B - a potion of haste {unknown}
Miscellaneous
 w - a sack of spiders
Comestibles
 f - 12 rations


   Skills:
 + Level 5.1 Fighting
 * Level 6.7 Long Blades
 + Level 5.3 Armour
 + Level 4.2 Dodging
 + Level 5.2 Shields


You had 7 spell levels left.
You didn't know any spells.
Your spell library contained the following spells:

 Spells                   Type           Power        Failure   Level  Hunger
 Sandblast                Erth           #.....       95%         1    ##.....
 Passwall                 Tmut/Erth      #.......     99%         2    ###....
 Stone Arrow              Conj/Erth      #.....       100%        3    ####...
 Petrify                  Tmut/Erth      #.......     100%        4    #####..
 Lee's Rapid Deconstruct  Erth           #.........   100%        5    ######.


Dungeon Overview and Level Annotations

Branches:
Dungeon (6/15)             Temple (0/1) D:6

Annotations:
D:6 exclusion: oklob sapling


Innate Abilities, Weirdness & Mutations

You have an increased reservoir of magic. (+10% MP)


Message History

The plant is severely damaged.
You hit the plant.
The plant is almost destroyed.
You slash the plant!
You destroy the plant!
The oklob sapling spits acid at you. The splash of acid hits you.
The acid corrodes you!
You are splashed with acid!
You hit the oklob sapling.
The oklob sapling is moderately damaged.
You hit the oklob sapling but do no damage.
The oklob sapling is moderately damaged.
The oklob sapling spits acid at you. The splash of acid hits you!
You are splashed with acid!
You hit the oklob sapling but do no damage.
The oklob sapling is moderately damaged.
The oklob sapling spits acid at you. The splash of acid hits you!
* * * LOW HITPOINT WARNING * * *
You are splashed with acid!
You die...

...# ##.#...# #+##
#......# #.#
#......# ..#
#(.....#### .##
###......P..# .#
#....P.PPP.P# .#
####.....PP.PP.#
.#
.........P.>PPP#
.#
####....PP.PP@P#
.+
......#..PPP.P.###
.#
#######.P..PP....#
.# #........#.....
.# +...##.........
.# #...####.##....
.# #...# $# ... .#
###.# .# ... .#
#.# .. .


You could see an oklob sapling.

Vanquished Creatures
  Pikel (D:4)
  Duvessa (D:6)
  An ice beast (D:6)
  Purgy (Sewer)
  A sky beast (D:6)
  3 phantoms (D:4)
  A centaur (D:6)
  2 ogres
  Blork the orc (D:5)
  Dowan (D:6)
  3 killer bees (D:6)
  A howler monkey (D:5)
  A crimson imp (D:6)
  2 orc priests
  A hound (D:4)
  An orc wizard (D:3)
  6 worker ants
  A hound skeleton (D:4)
  A worker ant zombie (D:6)
  10 gnolls
  7 adders
  An ooze (D:4)
  3 worms
  2 dart slugs (D:1)
  2 leopard geckos
  9 orcs
  2 ball pythons
  4 giant cockroaches
  3 goblins
  4 hobgoblins
  14 jackals
  5 quokkas
  7 bats
  4 frilled lizards
  12 kobolds
  7 rats
  A plant (D:6)
127 creatures vanquished.

Notes
Turn   | Place    | Note
-------+----------+-------------------------------------------
     0 | D:1      | Hasart the Demigod Fighter began the quest for the Orb.
     0 | D:1      | Reached XP level 1. HP: 18/18 MP: 3/3
    26 | D:1      | Reached skill level 2 in Long Blades
   150 | D:1      | Reached XP level 2. HP: 20/25 MP: 4/4
  1017 | D:2      | Reached XP level 3. HP: 16/31 MP: 5/5
  1596 | D:2      | Reached skill level 1 in Dodging
  1607 | D:2      | Reached XP level 4. HP: 20/38 MP: 6/6
  1812 | D:2      | Found an opulent altar of Gozag.
  1973 | D:2      | Found a burning altar of Makhleb.
  2025 | D:2      | Found a glowing silver altar of Zin.
  2484 | D:3      | Reached skill level 3 in Long Blades
  2607 | D:3      | Reached XP level 5. HP: 26/45 MP: 7/7
  3096 | D:4      | Reached XP level 6. HP: 45/51 MP: 8/8
  3122 | D:4      | Found a glowing golden altar of the Shining One.
  3172 | D:4      | Reached skill level 4 in Long Blades
  3380 | D:4      | Reached XP level 7. HP: 46/58 MP: 9/9
  3922 | D:5      | Entered Level 5 of the Dungeon
  3922 | D:5      | Noticed Blork the orc
  3932 | D:5      | Killed Blork the orc
  3948 | D:5      | Noticed Pikel
  3990 | D:4      | Killed Pikel
  3990 | D:4      | Reached skill level 5 in Long Blades
  3990 | D:4      | Reached XP level 8. HP: 47/67 MP: 10/10
  4136 | D:5      | Found a glowing drain.
  4146 | Sewer    | Entered a sewer
  4215 | Sewer    | Noticed Purgy
  4225 | Sewer    | Killed Purgy
  4701 | D:5      | Reached skill level 6 in Long Blades
  4701 | D:5      | Reached skill level 5 in Armour
  5157 | D:6      | Reached skill level 5 in Shields
  5323 | D:6      | Noticed Duvessa
  5325 | D:6      | Noticed Dowan
  5341 | D:6      | Reached skill level 5 in Fighting
  5394 | D:6      | Killed Dowan
  5419 | D:6      | Killed Duvessa
  5904 | D:6      | Found a staircase to the Ecumenical Temple.
  5945 | D:6      | Splashed by an oklob sapling's acid

Skill      XL: |  1  2  3  4  5  6  7  8 |
---------------+-------------------------+-----
Long Blades    | 2 3 4 5 6 |  6.7
Fighting       | 3 4 5 |  5.1
Shields        | 3 4 5 |  5.2
Armour         | 3 4 5 |  5.3
Dodging        | 1 2 3 4 |  4.2

Action                   |  1- 3 |  4- 6 |  7- 9 || total
-------------------------+-------+-------+-------++-------
Melee: Long sword        |   116 |   189 |   289 ||   594
  Use: Scroll            |     4 |       |       ||     4
       Potion            |       |       |     1 ||     1
  Eat: Chunk             |     2 |     6 |     8 ||    16
Armor: Scale mail        |    49 |    48 |    50 ||   147
Dodge: Dodged            |    48 |   107 |   147 ||   302
Block: Shield            |    81 |    98 |   163 ||   342
       Rpst.: Long sword |    13 |    38 |    44 ||    95
